 Dungeon Crawl Stone Soup version 0.30-a0-883-g5ad918d (webtiles) character file.

Game seed: 6660548093106607917

65 Illumine the Covered (level 3, -2/29 HPs)
             Began as a Minotaur Wanderer on Mar 16, 2023.
             Slain by a gnoll
             ... wielding the +1 short sword of Nuef {heavy, rF+ Str+2}
              (6 damage)
             ... on level 2 of the Dungeon on Mar 17, 2023.
             The game lasted 00:03:04 (1362 turns).

Illumine the Covered (Minotaur Wanderer)            Turns: 1362, Time: 00:03:05

Health: -2/29      AC:  3    Str: 16    XL:     3   Next: 94%
Magic:  0/3        EV: 11    Int: 14    God:
Gold:   34         SH:  0    Dex:  6    Spells: 0/4 levels left

rFire   + . .      SeeInvis .    h - +3 short sword
rCold   . . .      Faith    .    (no shield)
rNeg    . . .      Spirit   .    c - +0 robe
rPois   .          Reflect  .    (helmet restricted)
rElec   .          Rampage  .    k - +0 cloak
rCorr   .                        (no gloves)
Will    .....                    (no boots)
Stlth   +                        (no amulet)
HPRegen 0.24/turn                i - ring of protection from fire
MPRegen 0.08/turn                (no ring)

@: no status effects
A: horns 2, retaliatory headbutt
a: no special abilities


You were on level 2 of the Dungeon.
You visited 1 branch of the dungeon, and saw 2 of its levels.

You collected 34 gold pieces.

Inventory:

Hand Weapons
 a - a +0 club
 h - a +3 short sword (weapon)
Armour
 c - a +0 robe (worn)
 k - a +0 cloak (worn)
Jewellery
 i - a ring of protection from fire (left hand)
Scrolls
 e - a scroll of identify {unknown}
 f - 2 scrolls of teleportation {unknown}
Potions
 b - a potion of curing
 g - a potion of resistance {unknown}
 j - a potion of heal wounds {unknown}


   Skills:
 + Level 1.8 Fighting
 + Level 2.2 Maces & Flails
 + Level 3.2 Armour
 - Level 1.1 Dodging
 + Level 1.1 Spellcasting
 + Level 0.3 Conjurations
 + Level 2.5 Earth Magic
 - Level 2.2 Poison Magic


You couldn't memorise any spells.
You knew the following spells:

 Your Spells              Type           Power      Damage    Failure   Level
a - Sandblast             Erth           14%        2d6       9%          1
b - Stone Arrow           Conj/Erth      8%         3d7       41%         3

Your spell library contained the following spells:

 Spells                   Type           Power      Damage    Failure   Level
 Sting                    Tmut/Pois      16%        1d3       16%         1
 Spider Form              Tmut/Pois      4%         N/A       43%         3
 Ignite Poison            Fire/Tmut/Pois 2%         N/A       50%         3


Dungeon Overview and Level Annotations

Branches:
Dungeon (2/15)

Altars:

Annotations:
D:2 Sigmund


Innate Abilities, Weirdness & Mutations

You have a pair of horns on your head.
You reflexively headbutt those who attack you in melee.


Message History

You climb upwards.
There is a stone staircase leading down here.
You start resting.
Magic restored.
You start resting.
HP restored.
You climb downwards.
Level annotation: Sigmund The gnoll hits you with the +1 short sword of Nuef {heavy, rF+ Str+2}.
There is a stone staircase leading up, spattered with blood here.
Casting: Sandblast (safe; 9% risk of failure)
Confirm with . or Enter, or press ? or * to list all spells.
Aiming: Sandblast (safe; 9% risk of failure)
Press: ? - help, Shift-Dir - straight line, f - gnoll
Aim: a gnoll, wielding the +1 short sword of Nuef {heavy, rF+ Str+2} (83% to hit)
The blast of sand hits the gnoll.
The gnoll is lightly wounded.
The gnoll hits you with the +1 short sword of Nuef {heavy, rF+ Str+2}!
Casting: Sandblast (safe; 9% risk of failure)
Confirm with . or Enter, or press ? or * to list all spells.
Aiming: Sandblast (safe; 9% risk of failure)
Press: ? - help, Shift-Dir - straight line, f/p - gnoll
Aim: a gnoll, wielding the +1 short sword of Nuef {heavy, rF+ Str+2} (lightly wounded, 83% to hit)
The blast of sand hits the gnoll.
The gnoll is moderately wounded.
The gnoll hits you with the +1 short sword of Nuef {heavy, rF+ Str+2}.
Casting: Sandblast (safe; 9% risk of failure)
Confirm with . or Enter, or press ? or * to list all spells.
Aiming: Sandblast (safe; 9% risk of failure)
Press: ? - help, Shift-Dir - straight line, f/p - gnoll
Aim: a gnoll, wielding the +1 short sword of Nuef {heavy, rF+ Str+2} (moderately wounded, 83% to hit)
The blast of sand hits the gnoll!
The gnoll is almost dead.
The gnoll hits you with the +1 short sword of Nuef {heavy, rF+ Str+2}.
* * * LOW HITPOINT WARNING * * *
Okay, then.
You barely miss the gnoll.
The gnoll is almost dead.
The gnoll hits you with the +1 short sword of Nuef {heavy, rF+ Str+2}.
You die...

# .. ...
.... ###
..... #.#
...).)#.#
.....gg@#
#########


You could see a gnoll and a goblin.

Vanquished Creatures
  2 gnolls (D:1)
  An adder (D:2)
  A dart slug (D:1)
  5 ball pythons (D:1)
  A bat (D:1)
  3 endoplasms (D:1)
  3 goblins (D:2)
  4 jackals (D:1)
  5 kobolds (D:1)
  4 quokkas (D:1)
  A frilled lizard (D:1)
  A rat (D:1)
31 creatures vanquished.

Notes
Turn   | Place    | Note
-------+----------+-------------------------------------------
     0 | D:1      | Illumine the Minotaur Wanderer began the quest for the Orb.
     0 | D:1      | Illumine set off with the following items: a +0 club, a
                  | potion of curing, a +0 robe, a +0 cloak; and the following
                  | spells available to memorise: Sandblast, Sting, Stone
                  | Arrow, Spider Form, Ignite Poison.
     0 | D:1      | Reached XP level 1. HP: 14/14 MP: 1/1
    23 | D:1      | Reached skill level 1 in Maces & Flails
    31 | D:1      | Reached XP level 2. HP: 9/22 MP: 2/2
    39 | D:1      | Learned a level 1 spell: Sandblast
   207 | D:1      | Reached skill level 1 in Fighting
   524 | D:1      | Reached skill level 3 in Armour
   633 | D:1      | Reached XP level 3. HP: 28/28 MP: 0/3
   670 | D:1      | Learned a level 3 spell: Stone Arrow
   895 | D:2      | Noticed Sigmund
  1338 | D:2      | Identified the +1 short sword of Nuef {heavy, rF+ Str+2}
  1362 | D:2      | Slain by a gnoll

Illustrated notes

Levels and vault maps discovered:
D:1:      lemuel_arrival_muddy, layout_rooms, minmay_shallow_snake_nest
D:2:      layout_basic, eino_tiny_chamber, uniq_sigmund

Skill      XL: |  1  2  3 |
---------------+----------+-----
Maces & Flails | 1 2 |  2.2
Fighting       | 1 |  1.8
Armour         | 3 |  3.2
Dodging        | |  1.1
Spellcasting   | |  1.1
Conjurations   | |  0.3
Earth Magic    | |  2.5
Poison Magic   | |  2.2

Action                     || total
---------------------------++-------
  Melee: Club              ||    28
         Short sword       ||    21
         Headbutt          ||     4
   Cast: Sandblast         ||    32
    Use: Potion            ||     1
 Armour: Robe              ||    21
  Dodge: Dodged            ||    74

Table legend: (Time is in decaauts)
 A = Elapsed time spent in this place.
 B = Non-inter-level travel time spent in this place.
 C = Inter-level travel time spent in this place.
 D = Time resting spent in this place.
 E = Time spent auto-exploring this place.
 F = Levels seen in this place.
 G = Mean time per level.
                   A        B        C        D        E       F      G
               +--------+--------+--------+--------+--------+-----+--------+
         Total |   1392 |   1323 |     69 |    544 |    533 |   2 |  696.0 |
       Dungeon |   1392 |   1323 |     69 |    544 |    533 |   2 |  696.0 |
               +--------+--------+--------+--------+--------+-----+--------+

Top non-repeatable levels by time:
     D:1: 1265 daAuts
     D:2: 126 daAuts
